 Dungeon Crawl Stone Soup version 0.26-a0-812-g31a745ddcd (webtiles) character file.

Game seed: 12487285446443183581

13961 Borgoz the Fighter (level 12, -7/107 HPs)
             Began as a Ghoul Gladiator on Dec 7, 2020.
             Was a High Priest of Okawaru.
             Killed from afar by a storm dragon (35 damage)
             ... with a bolt of lightning
             ... on level 11 of the Dungeon.
             The game lasted 00:20:16 (12268 turns).

Borgoz the Fighter (Ghoul Gladiator)               Turns: 12268, Time: 00:20:17

Health: -7/107     AC: 19    Str: 19    XL:     12   Next: 11%
Magic:  14/14      EV: 14    Int:  4    God:    Okawaru [*****.]
Gold:   139        SH:  0    Dex: 13    Spells: 11/11 levels left

rFire    . . .     SeeInvis .   a - +3 great sword (protect)
rCold    + + .     Faith    .   (shield currently unavailable)
rNeg     + + +     Spirit   .   t - +1 scale mail {rPois}
rPois    ∞         Reflect  .   k - +0 helmet
rElec    .         Harm     .   l - +0 cloak {Stlth+}
rCorr    .         Rampage  .   j - +0 pair of gloves
MR       .....                  h - +2 pair of boots
Stlth    +.........             (no amulet)
HPRegen  0.00/turn              e - ring of protection from cold
MPRegen  0.14/turn              q - +4 ring of protection

@: about to teleport
A: rotting body, claws 1, cold resistance 1, negative energy resistance 3,
inhibited regeneration, torment resistance, unbreathing
a: Heroism, Finesse, Renounce Religion


You were on level 11 of the Dungeon.
You worshipped Okawaru.
Okawaru was extremely pleased with you.
You visited 2 branches of the dungeon, and saw 12 of its levels.

You collected 637 gold pieces.
You spent 498 gold pieces at shops.

Inventory:

Hand Weapons
 a - a +3 great sword of protection (weapon)
 b - the +2 dagger "Acvikakac" {speed, rElec rF+ Int+4}
   (You found it on level 11 of the Dungeon)

   Attacks with this weapon are significantly faster.
   It affects your intelligence (+4).
   It protects you from fire.
   It insulates you from electricity.
 z - a +0 great sword
 F - the +8 hand axe of Articulation {venom, rF++ rN+}
   (You found it on level 11 of the Dungeon)

   It poisons the flesh of those it strikes.
   It greatly protects you from fire.
   It protects you from negative energy.
Missiles
 d - a throwing net (quivered)
Armour
 h - a +2 pair of boots (worn)
 j - a +0 pair of gloves (worn)
 k - a +0 helmet (worn)
 l - a +0 cloak of stealth (worn)
 t - a +1 scale mail of poison resistance (worn)
 E - a scarf of harm
Jewellery
 e - a ring of protection from cold (left hand)
 q - a +4 ring of protection (right hand)
 C - a +6 ring of intelligence
Wands
 n - a wand of random effects (29)
 o - a wand of digging (10)
 p - a wand of paralysis (23)
 r - a wand of flame (23)
 u - a wand of acid (9)
 y - a wand of polymorph (23)
Scrolls
 c - 4 scrolls of remove curse
 i - a scroll of enchant armour
 s - 7 scrolls of teleportation
 w - a scroll of magic mapping
 B - a scroll of fear
 D - a scroll of summoning
Potions
 f - 2 potions of resistance
 g - 2 potions of curing
 v - a potion of flight
 x - 4 potions of haste
 A - a potion of invisibility


   Skills:
 * Level 10.5 Fighting
 * Level 9.0 Long Blades
 - Level 1.7 Throwing
 + Level 5.8 Armour
 * Level 9.2 Dodging
 - Level 3.4 Stealth
   Level 2.5 Shields
 - Level 5.0 Invocations
 + Level 4.2 Evocations


You had 11 spell levels left.
You didn't know any spells.
Your spell library was empty.

Dungeon Overview and Level Annotations

Branches:
Dungeon (11/15)            Temple (1/1) D:7            Lair (0/6) D:8
    Orc: D:9-12

Altars:
Ashenzari
Cheibriados
Dithmenos
Elyvilon
Fedhas
Gozag
Hepliaklqana
Kikubaaqudgha
Makhleb
Nemelex Xobeh
Okawaru
Qazlal
Ru
Sif Muna
Trog
Uskayaw
Vehumet
Wu Jian
Xom
Yredelemnul
Zin
The Shining One

Shops:
D:4 }   D:6 *   D:10 *   D:11 *


Innate Abilities, Weirdness & Mutations

Your body is rotting away.
You thrive by killing the living.
You are immune to poison.
You have sharp fingernails.
Your flesh is cold resistant. (rC+)
You are immune to negative energy. (rN+++)
You do not regenerate when monsters are visible.
You are immune to unholy pain and torment.
You can survive without breathing.


Message History

The storm dragon closely misses you.
You feel better.
The storm dragon bites you but does no damage.
The storm dragon claws you but does no damage.
The storm dragon tramples you but does no damage.
Evoke which item? (* to show all) (? for menu, Esc to quit)
Aiming: Paralyse
Press: ? - help, Shift-Dir - straight line, f/p - storm dragon
Aim: a storm dragon (catching its breath, chance to defeat MR: 4%)
Okay, then.
As you read the scroll of teleportation, it crumbles to dust.
You feel strangely unstable.
The storm dragon bites you but does no damage.
The storm dragon claws you but does no damage.
The storm dragon tramples you.
* * * LOW HITPOINT WARNING * * *
You stumble backwards!
The storm dragon breathes lightning at you.
The bolt of lightning hits you!!
You die...

#..#
########################
####..#
...÷'(.(..........'.†..#
#.....##
....#####.....#####....#
#...<... #..##
##...##...##..## #.......
#..# #...#.....#..#
######## ##.#
#...#.....#.## ###
##'##..D#'###
##..=##.@#†(.....#
#'##.....##'#.......#
##..'.....'..##......#
...#.....#(..#......#
#.#.##...##)#.##.....# .
#..#####..#..###...#
#...÷....##...##### #
##..÷(....##......######..
###.......###............


You could see a storm dragon (catching breath).

Vanquished Creatures
  A sphinx (D:11)
  A stone giant (D:11)
  A centaur warrior (D:11)
  3 two-headed ogres
  Sonja (D:10)
  A cyclops (D:11)
  3 trolls
  6 yaks (D:9)
  A vampire (D:11)
  A basilisk (D:11)
  A wyvern (D:7)
  A steam dragon (D:4)
  2 wargs (D:8)
  A soldier ant (D:11)
  Menkaure (D:6)
  An ice beast (D:10)
  5 orc warriors
  2 sky beasts
  A black bear (D:6)
  3 phantoms
  5 centaurs
  8 ogres
  3 big kobolds
  5 bullfrogs
  5 scorpions
  12 killer bees
  3 howler monkeys (D:8)
  A bullfrog zombie (D:11)
  A centaur zombie (D:7)
  A quasit (D:11)
  5 orc priests
  4 hounds
  2 jellies
  9 orc wizards
  Crazy Yiuf (D:6)
  2 centaur skeletons
  4 iguanas
  8 worker ants
  A hound zombie (D:9)
  A howler monkey zombie (D:7)
  A worker ant zombie (D:7)
  4 gnolls (D:3)
  14 adders
  6 shadow imps
  A white imp (D:10)
  3 ufetubi
  2 adder zombies (D:7)
  3 worms (D:3)
  A dart slug (D:1)
  7 leopard geckos
  30 orcs
  7 giant cockroaches
  3 hobgoblins
  20 jackals
  6 quokkas
  10 bats
  6 frilled lizards
  8 goblins
  22 kobolds
  A leopard gecko skeleton (D:6)
  8 rats
281 creatures vanquished.

Vanquished Creatures (others)
  A howler monkey skeleton (D:11)
1 creature vanquished.

Grand Total: 282 creatures vanquished

Notes
Turn   | Place    | Note
-------+----------+-------------------------------------------
     0 | D:1      | Borgoz the Ghoul Gladiator began the quest for the Orb.
     0 | D:1      | Reached XP level 1. HP: 17/17 MP: 0/0
   358 | D:1      | Reached XP level 2. HP: 20/25 MP: 1/1
   985 | D:2      | Reached XP level 3. HP: 26/30 MP: 2/2
  1068 | D:2      | Reached skill level 1 in Stealth
  1473 | D:2      | Reached XP level 4. HP: 37/37 MP: 3/3
  1478 | D:2      | Reached skill level 3 in Fighting
  1540 | D:2      | Noticed a centaur
  1556 | D:2      | Killed a centaur
  1556 | D:2      | Reached skill level 1 in Armour
  1556 | D:2      | Reached XP level 5. HP: 10/45 MP: 4/4
  2163 | D:3      | Found a hide-covered altar of Uskayaw.
  2173 | D:3      | Reached XP level 6. HP: 48/52 MP: 5/5
  2411 | D:3      | Reached skill level 4 in Fighting
  2845 | D:4      | Noticed a phantom
  2874 | D:4      | Killed a phantom
  2874 | D:4      | Reached XP level 7. HP: 11/60 MP: 6/6
  3121 | D:4      | Found a hazy altar of Hepliaklqana.
  3125 | D:4      | Found a radiant altar of Vehumet.
  3127 | D:4      | Found an ornate altar of the Wu Jian Council.
  3411 | D:4      | Found a sparkling altar of Nemelex Xobeh.
  3431 | D:4      | Found Qahanais's Gadget Shoppe.
  3466 | D:4      | Noticed a steam dragon
  3482 | D:4      | Killed a steam dragon
  3699 | D:4      | Found a stormy altar of Qazlal.
  3992 | D:4      | Bought a wand of digging (5) for 198 gold pieces
  3998 | D:5      | Entered Level 5 of the Dungeon
  4069 | D:5      | Reached skill level 5 in Fighting
  4284 | D:5      | Reached skill level 5 in Dodging
  4284 | D:5      | Reached XP level 8. HP: 52/68 MP: 7/7
  4601 | D:5      | Found a glowing silver altar of Zin.
  5009 | D:6      | Noticed Menkaure
  5022 | D:6      | Killed Menkaure
  5022 | D:6      | Reached skill level 5 in Long Blades
  5377 | D:6      | Reached skill level 6 in Fighting
  5377 | D:6      | Reached skill level 1 in Shields
  5429 | D:6      | Found Wylaveab's General Store.
  5438 | D:6      | Bought a scroll of magic mapping for 35 gold pieces
  5576 | D:6      | Found a runed translucent door.
  5577 | D:6      | Noticed Crazy Yiuf
  5646 | D:6      | Found an iron altar of Okawaru.
  5830 | D:6      | Became a worshipper of Warmaster Okawaru
  6062 | D:6      | Found a shimmering blue altar of Sif Muna.
  6382 | D:6      | Paralysed by Crazy Yiuf for 7 turns
  6390 | D:6      | Killed Crazy Yiuf
  6390 | D:6      | Reached XP level 9. HP: 71/78 MP: 5/8
  6515 | D:7      | Found a staircase to the Ecumenical Temple.
  6526 | Temple   | Entered the Ecumenical Temple
  7284 | D:7      | Reached skill level 7 in Fighting
  7443 | D:7      | Reached * piety under Okawaru
  7587 | D:7      | Found a snail-covered altar of Cheibriados.
  8204 | D:6      | Bought a potion of curing for 30 gold pieces
  8378 | D:8      | Found a staircase to the Lair.
  8398 | D:8      | Reached skill level 1 in Invocations
  8409 | D:8      | Reached ** piety under Okawaru
  8419 | D:8      | Reached skill level 1 in Evocations
  8419 | D:8      | Reached XP level 10. HP: 56/88 MP: 9/9
  8735 | D:8      | Noticed a two-headed ogre
  8745 | D:8      | Reached skill level 8 in Fighting
  8754 | D:8      | Killed a two-headed ogre
  9161 | D:8      | Found a stormy altar of Qazlal.
  9427 | D:9      | Noticed a two-headed ogre
  9433 | D:9      | Killed a two-headed ogre
  9433 | D:9      | Reached *** piety under Okawaru
  9881 | D:9      | Reached skill level 9 in Fighting
  9896 | D:9      | Reached **** piety under Okawaru
  9896 | D:9      | Reached XP level 11. HP: 95/97 MP: 12/12
  9939 | D:9      | Reached skill level 5 in Armour
 10537 | D:10     | Entered Level 10 of the Dungeon
 10772 | D:10     | Found Xeysch's Assorted Antiques.
 10783 | D:10     | Bought a scroll labelled DEANOI OCUPLE for 25 gold pieces
 10783 | D:10     | Bought a scroll of identify for 50 gold pieces
 11154 | D:10     | Noticed Sonja
 11163 | D:10     | Killed Sonja
 11184 | D:10     | Reached ***** piety under Okawaru
 11308 | D:11     | Found Leijam's Assorted Antiques.
 11316 | D:11     | Bought a small ivory ring for 160 gold pieces
 11377 | D:11     | Got an iridescent dagger
 11378 | D:11     | Identified the +2 dagger "Acvikakac" {speed, rElec rF+
                  | Int+4} (You found it on level 11 of the Dungeon)
 11533 | D:11     | Noticed a centaur warrior
 11536 | D:11     | Noticed a cyclops
 11536 | D:11     | Noticed a two-headed ogre
 11546 | D:11     | Killed a centaur warrior
 11557 | D:11     | Killed a two-headed ogre
 11561 | D:11     | Killed a cyclops
 11580 | D:11     | Reached skill level 10 in Fighting
 11858 | D:11     | Noticed a sphinx
 11866 | D:11     | Killed a sphinx
 11866 | D:11     | Received a gift from Okawaru
 11875 | D:11     | Got an ancient hand axe
 11896 | D:11     | Identified the +8 hand axe of Articulation {venom, rF++
                  | rN+} (You found it on level 11 of the Dungeon)
 11912 | D:11     | Noticed a stone giant
 11930 | D:11     | HP: 3/101 [stone giant (22)]
 11934 | D:11     | Killed a stone giant
 11934 | D:11     | Reached skill level 5 in Invocations
 11934 | D:11     | Reached XP level 12. HP: 25/107 MP: 11/14
 12258 | D:11     | Noticed a storm dragon
 12268 | D:11     | Killed from afar by a storm dragon

Illustrated notes

Levels and vault maps discovered:
D:1:      dpeg_arrival_round_a, layout_basic
D:2:      layout_loops_cross, minmay_tetromino_i2
D:3:      layout_loops_ring, eat_drink_and_be_merry_uskayaw,
          minmay_misc_feat_rows, minmay_joined_circles
D:4:      layout_basic, lemuel_crystal_altar, grunt_temple_overflow_open,
          serial_shops, shop, grunt_qazlal_sundering
D:5:      layout_basic, lemuel_doored_altar
D:6:      kennysheep_orc_sif_temple, layout_rooms,
          lemuel_coloured_pillars_altar, serial_shops, nicolae_shop_crystal,
          uniq_crazy_yiuf_cottage, uniq_menkaure
D:7:      layout_loops_ring, minmay_temple_entry_waves, minmay_ruined_shrine
D:8:      layout_loops_cross, kennysheep_mini, erik_lair_orcish_takeover
D:9:      layout_roguey
D:10:     layout_roguey, serial_shops, nicolae_shop_overgrown_old_shop,
          uniq_sonja
D:11:     minmay_box_of_curves, layout_long_grid, orc_0_dummy, serial_shops,
          shop
Temple:   zaba_magenta_temple

Skill      XL: |  1  2  3  4  5  6  7  8  9 10 11 |
---------------+----------------------------------+-----
Dodging        | 3 4 5 7 8 9 |  9.2
Long Blades    | 3 4 5 6 7 9 |  9.0
Stealth        | 1 2 3 |  3.4
Fighting       | 3 4 5 6 7 9 10 | 10.5
Armour         | 1 2 3 4 5 |  5.8
Shields        | 1 2 |  2.5
Invocations    | 1 3 5 |  5.0
Evocations     | 1 2 4 |  4.2
Throwing       | |  1.7

Action                   |  1- 3 |  4- 6 |  7- 9 | 10-12 || total
-------------------------+-------+-------+-------+-------++-------
Melee: Long sword        |    99 |   160 |   345 |       ||   604
       Great sword       |       |       |   116 |   344 ||   460
       Dagger            |       |       |       |     4 ||     4
Throw: Throwing net      |       |       |     4 |     6 ||    10
Invok: Heroism           |       |       |       |     1 ||     1
Evoke: Wand              |       |       |       |     3 ||     3
  Use: Scroll            |     5 |     3 |     9 |     8 ||    25
       Potion            |       |     1 |       |     4 ||     5
 Stab: Held in net/web   |       |       |     2 |       ||     2
       Paralysed         |       |       |       |     9 ||     9
Armor: Leather armour    |    38 |       |       |       ||    38
       Chain mail        |    40 |       |       |       ||    40
       Scale mail        |     9 |   114 |   279 |   270 ||   672
Dodge: Dodged            |    97 |   135 |   304 |   360 ||   896
Block: Buckler           |       |       |    31 |       ||    31
       Rpst.: Long sword |    30 |    37 |    78 |       ||   145
       Great sword       |       |       |    29 |    97 ||   126

Table legend: (Time is in decaauts)
 A = Elapsed time spent in this place.
 B = Non-inter-level travel time spent in this place.
 C = Inter-level travel time spent in this place.
 D = Time resting spent in this place.
 E = Time spent auto-exploring this place.
 F = Levels seen in this place.
 G = Mean time per level.
                   A        B        C        D        E       F      G
               +--------+--------+--------+--------+--------+-----+--------+
         Total |  12542 |  11808 |    734 |   2406 |   6944 |  12 | 1045.2 |
       Dungeon |  11981 |  11265 |    716 |   2017 |   6888 |  11 | 1089.2 |
        Temple |    561 |    543 |     18 |    389 |     56 |   1 |  561.0 |
               +--------+--------+--------+--------+--------+-----+--------+

Top non-repeatable levels by time:
     D:6: 1539 daAuts
     D:7: 1244 daAuts
     D:4: 1212 daAuts
     D:9: 1166 daAuts
     D:8: 1103 daAuts
     D:5: 1053 daAuts
    D:11: 1000 daAuts
     D:2: 984 daAuts
     D:1: 956 daAuts
     D:3: 954 daAuts
    D:10: 766 daAuts
  Temple: 561 daAuts
